[Event "Early-Titled-Tuesday-Blitz-May-14-2024"]
[Site "Chess.com"]
[Date "2024.05.14"]
[Round "3"]
[White "lilleper1"]
[Black "Franmu14"]
[Result "1-0"]
[WhiteElo "2916"]
[BlackElo "2664"]
[TimeControl "180+1"]
[EndTime "8:29:17 PDT"]
[Termination "lilleper1 won by resignation"]

1. e4 e5 2. Nf3 Nc6 3. Bb5 a6 4. Ba4 Nge7 5. O-O g6 6. c3 Bg7 7.
d4 exd4 8. cxd4 O-O 9. Nc3 b5 10. Bb3 Na5 11. Bc2 d6 12. Re1 h6 13. b3 c5 14. Bb2 Bg4 15. h3 Bxf3 16. Qxf3 Nac6 17.
d5 Nd4 18. Qd1 b4 19. Na4 f5 20. exf5 Nexf5 21. Bd3 h5 22. Re4 Qf6 23. Qe1 Qg5 24. Kh1 Ra7 25. Rd1 Raf7 26. Bc1 Qd8 27. Bf4 Qf6 28. Bh2 Qg5 29. f3 Nxf3 30. gxf3 Nd4 31. f4 Qd8 32. Qg3 g5 33. Qxg5 Qxg5 34. fxg5 Rf2 35. Bxd6 R8f3 36. Kg1 Rxa2 37. Bf1 Rxb3 38.
Nxc5 Nf3+ 39. Kh1 Rc3 40. Nd3 Bf8 41. Re8 Rcc2 42. Rxf8+ Kh7 43. Rxf3 1-0

[Event "Early-Titled-Tuesday-Blitz-May-14-2024"]
[Site "Chess.com"]
[Date "2024.05.14"]
[Round "3"]
[White "ChEsper99"]
[Black "BelyakovBogdan"]
[Result "0-1"]
[WhiteElo "2275"]
[BlackElo "2594"]
[TimeControl "180+1"]
[EndTime "8:29:17 PDT"]
[Termination "BelyakovBogdan won by resignation"]

1. Nf3 Nf6 2. g3 g6 3. Bg2 Bg7 4. O-O O-O 5. d4 d6 6. c4 Nc6 7. d5 Na5 8. Nbd2 c5 9. dxc6 Nxc6 10. Nb3 Be6 11. c5 Bxb3 12. Qxb3 Na5 13. Qa3 dxc5 14. Qxc5 b6 15. Qg5 Rc8 16. Qh4 Rc4 17. Qg5 h6 18. Qd2 Qxd2 19. Bxd2 Rc2 20. Bxa5 bxa5 21. Rab1 Rxe2 22.
Rfe1 Rxe1+ 23. Rxe1 e6 24. b3 Nd5 25. Rc1 Nb4 26. Rc5 Nxa2 27. Rxa5 Nc1 28. Rxa7 Nxb3 29. h4 Rc8 30. Bf1 Nd4 31. Nxd4 Bxd4 32. Ra2 Kg7 33. Kg2 f5 34. Be2 Kf6 35. Bf3 g5 36. hxg5+ hxg5 37. Bd1 Rc6 38. Rc2 Rb6 39. Be2 e5 40. Bc4 e4 41. Be2 f4 42. gxf4 gxf4 43.
Bf1 Ke5 44. f3 Rg6+ 45. Kh1 Rg1+ 46. Kh2 Rxf1 47. fxe4 0-1

[Event "Early-Titled-Tuesday-Blitz-May-14-2024"]
[Site "Chess.com"]
[Date "2024.05.14"]
[Round "3"]
[White "nitpicker"]
[Black "KanalSzachowy"]
[Result "1-0"]
[WhiteElo "2284"]
[BlackElo "2416"]
[TimeControl "180+1"]
[EndTime "8:29:17 PDT"]
[Termination "nitpicker won on time"]

1. d4 Nf6 2. c4 e6 3. g3 Bb4+ 4. Bd2 Qe7 5. Bg2 Nc6 6. Nf3 Bxd2+ 7. Qxd2 d5 8. Na3 O-O 9. O-O Rd8 10. Rfc1 e5 11.
cxd5 Nxd5 12. e4 Nf6 13. d5 Nxe4 14. Qc2 Bf5 15. dxc6 Nxg3 16. Qa4 Ne2+ 17. Kh1 Nxc1 18. cxb7 Rab8 19. Rxc1 e4 20. Nd4 Bd7 21. Qxa7 Qe5 22. Nc4 Qf4 23. Ne2 Qh4 24. Ne3 Bg4 25. Ng3 Bf3 26. Rxc7 Bxg2+ 27. Kxg2 Qf4 28. Qxb8 Qf3+ 29. Kh3 1-0

[Event "Early-Titled-Tuesday-Blitz-May-14-2024"]
[Site "Chess.com"]
[Date "2024.05.14"]
[Round "3"]
[White "Matols"]
[Black "abelmat"]
[Result "1-0"]
[WhiteElo "2360"]
[BlackElo "2002"]
[TimeControl "180+1"]
[EndTime "8:29:17 PDT"]
[Termination "Matols won by checkmate"]

1. d4 d5 2. c4 e6 3. Nf3 Nf6 4.
g3 Be7 5. Bg2 O-O 6. O-O dxc4 7.
Qc2 a6 8. a4 Bd7 9. Qxc4 Bc6 10. Bf4 Nbd7 11. Rd1 Nb6 12. Qc2 Rc8 13. Nc3 Nbd5 14.
Bd2 Nxc3 15. Bxc3 Ne4 16. Be1 Nf6 17. b4 h6 18. h4 Be4 19. Qb2 Qd5 20. Bc3 Qh5 21. Ne5 Bxg2 22. Kxg2 Bd6 23. f3 Nd5 24. Bd2 a5 25. bxa5 c5 26. Nd7 Rfd8 27. Nxc5 Bxc5 28. dxc5 Rxc5 29. Qxb7 Rc2 30. Qb3 Rdc8 31. a6 Qe5 32. Qd3 Nb4 33. Qe4 Qxe4 34. fxe4 Nxa6 35. Rac1 f5 36.
exf5 exf5 37. Kf3 Kf7 38. Be3 Nb4 39. Rd7+ Ke6 40. Rcd1 g6 41. R1d6+ Ke5 42. Bf4# 1-0

[Event "Early-Titled-Tuesday-Blitz-May-14-2024"]
[Site "Chess.com"]
[Date "2024.05.14"]
[Round "3"]
[White "Casper"]
[Black "NCchamp"]
[Result "1-0"]
[WhiteElo "2495"]
[BlackElo "2303"]
[TimeControl "180+1"]
[EndTime "8:29:18 PDT"]
[Termination "Casper won on time"]

1. e4 c6 2. Nf3 d5 3. e5 Bg4 4.
c3 e6 5. h3 Bh5 6. Qb3 Qb6 7.
Nd4 Nd7 8. f4 Nc5 9. Qxb6 axb6 10. b4 Nd7 11. g4 Bg6 12. d3 Ne7 13. a4 h5 14. Rg1 hxg4 15. hxg4 Rh2 16. Be3 Kd8 17.
Nd2 c5 18. N4f3 Rh8 19. a5 Nc6 20. Nb3 d4 21. cxd4 cxd4 22. Nfxd4 Bxb4+ 23. Kf2 bxa5 24. Bg2 Bxd3 25. Nxc6+ bxc6 26. Bxc6 Ke7 27. Rgd1 Bb1 28. Rxd7+ Kf8 29. Rxb1 a4 30. Nc5 Bxc5 31. Bxc5+ Kg8 32. Bxa8 a3 33. Rd8+ Kh7 34. Rh1+ 1-0

[Event "Early-Titled-Tuesday-Blitz-May-14-2024"]
[Site "Chess.com"]
[Date "2024.05.14"]
[Round "3"]
[White "Niktlt"]
[Black "brunomorado"]
[Result "1/2-1/2"]
[WhiteElo "2714"]
[BlackElo "2367"]
[TimeControl "180+1"]
[EndTime "8:29:19 PDT"]
[Termination "Game drawn by repetition"]

1. d4 d5 2. c4 c6 3. Nc3 Nf6 4. e3 e6 5. Nf3 Nbd7 6. Ne5 Nxe5 7. dxe5 Nd7 8. f4 f6 9. exf6 Qxf6 10. cxd5 exd5 11.
Be2 Bc5 12. Na4 O-O 13. Nxc5 Nxc5 14. O-O Bf5 15. Bd2 Qg6 16. Bb4 Be4 17. Bf3 Nd3 18.
Bxf8 Rxf8 19. Qe2 Re8 20. Rad1 c5 21. f5 Qa6 22. Bxe4 dxe4 23. f6 gxf6 24. Qg4+ Kh8 25.
a3 Qe6 26. Qh4 f5 27. Qh5 Rf8 28. h3 c4 29. Rd2 Qg6 30. Qh4 b5 31. Kh2 Rg8 32. Qe7 Qg3+ 33. Kh1 Qxe3 34. Qf6+ Rg7 35. Qf8+ Rg8 36. Qf6+ Rg7 37. Qf8+ Rg8 38. Qf6+ 1/2-1/2

[Event "Early-Titled-Tuesday-Blitz-May-14-2024"]
[Site "Chess.com"]
[Date "2024.05.14"]
[Round "3"]
[White "HajiyevKanan"]
[Black "CarlosjPineror"]
[Result "0-1"]
[WhiteElo "2502"]
[BlackElo "2728"]
[TimeControl "180+1"]
[EndTime "8:29:20 PDT"]
[Termination "CarlosjPineror won on time"]

1. d4 Nf6 2. Nf3 g6 3. c4 d6 4. g3 Bg7 5. Bg2 O-O 6. O-O c5 7. b3 Nc6 8. Bb2 Bf5 9. e3 Bg4 10. Nbd2 Nd7 11. h3 Bxf3 12. Nxf3 Qb6 13. dxc5 Nxc5 14.
Bxg7 Kxg7 15. Qc2 Rac8 16. Rac1 Rfd8 17. Rfd1 Kg8 18. h4 h5 19. Bh3 Rb8 20. Ng5 Nb4 21. Qe2 f6 22. Nf3 a5 23. Nd4 Nc6 24. Be6+ Kg7 25.
Bd5 e5 26. Nb5 e4 27. g4 Ne5 28. gxh5 Rh8 29. Rd4 f5 30. f4 Nf3+ 31. Kf2 Rxh5 32. Rh1 Nxd4 33. Nxd4 Nd3+ 34. Kg3 Re8 35. Qc2 Kf6 36.
Qc3 Ke7 37. Nb5 Qxe3+ 38. Kg2 Qf2+ 0-1

[Event "Early-Titled-Tuesday-Blitz-May-14-2024"]
[Site "Chess.com"]
[Date "2024.05.14"]
[Round "3"]
[White "IvanMorovic"]
[Black "Tolyanius"]
[Result "0-1"]
[WhiteElo "2384"]
[BlackElo "2665"]
[TimeControl "180+1"]
[EndTime "8:29:21 PDT"]
[Termination "Tolyanius won on time"]

1. d4 Nf6 2. Nf3 c5 3. e3 d5 4. Nbd2 Nbd7 5. c3 e6 6. Bd3 b6 7. O-O Bb7 8. b3 Bd6 9. Bb2 O-O 10. c4 Rc8 11. Qe2 Ne4 12. Rfd1 Qe7 13. Rac1 f5 14. cxd5 exd5 15. Ba6 Bxa6 16. Qxa6 f4 17. Qd3 fxe3 18. fxe3 Nxd2 19. Rxd2 Nf6 20. dxc5 Bxc5 21. Re1 Rcd8 22. Bd4 Ne4 23. Rc2 Bd6 24. Rf1 Qe6 25. Bb2 Bb8 26. Qd4 Qg6 27. Kh1 Qh6 28. Kg1 Rf5 29.
Rc6 Nf6 30. h3 Qg6 31. g4 Rh5 32. Kg2 Re8 0-1

[Event "Early-Titled-Tuesday-Blitz-May-14-2024"]
[Site "Chess.com"]
[Date "2024.05.14"]
[Round "3"]
[White "Flameboard08"]
[Black "balack95"]
[Result "1/2-1/2"]
[WhiteElo "2715"]
[BlackElo "2510"]
[TimeControl "180+1"]
[EndTime "8:29:22 PDT"]
[Termination "Game drawn by repetition"]

1. f4 g6 2. Nf3 Bg7 3. g3 d5 4.
Bg2 Nh6 5. O-O O-O 6. d3 d4 7. e4 dxe3 8. c3 Bg4 9. Bxe3 Nc6 10. d4 Nf5 11. Bf2 Nd6 12. h3 Bf5 13. Ne5 Nxe5 14.
fxe5 Ne4 15. Be1 Ng5 16. g4 Be4 17. Qe2 Bxg2 18. Qxg2 c6 19. Nd2 Qd5 20. h4 Qxg2+ 21. Kxg2 Ne6 22. Bg3 Rad8 23. b4 b6 24. Ne4 c5 25.
bxc5 bxc5 26. dxc5 Rc8 27. Rab1 Nxc5 28. Nxc5 Rxc5 29. Rb7 Rxc3 30. Rxa7 e6 31. Re1 Rc2+ 32. Kh3 Rfc8 33. Rf1 R2c3 34. Raxf7 Bxe5 35. R7f3 Bxg3 36. Kxg3 e5 37. Re1 R8c5 38. Re2 Kg7 39. Kg2 R3c4 40. Kh3 Ra5 41. Ref2 Ra7 42. Rb3 Rca4 43. Rbb2 Ra3+ 44. Kh2 R3a4 45. Rg2 h5 46. Kh3 hxg4+ 47. Kg3 Kh6 48.
Rb8 Rxa2 49. Rxa2 Rxa2 50. Kxg4 Ra4+ 51. Kg3 Kg7 52. Rb6 Rf4 53. Re6 Rf5 54. Kg4 Kf7 55.
Rb6 Rf1 56. Rb7+ Ke6 57. Rb6+ Kf7 58. Rb7+ Ke6 59. Rb6+ Kf7 1/2-1/2

[Event "Early-Titled-Tuesday-Blitz-May-14-2024"]
[Site "Chess.com"]
[Date "2024.05.14"]
[Round "3"]
[White "Alonmindlin"]
[Black "baki83"]
[Result "1/2-1/2"]
[WhiteElo "2699"]
[BlackElo "2943"]
[TimeControl "180+1"]
[EndTime "8:29:23 PDT"]
[Termination "Game drawn by repetition"]

1. e4 c5 2. c3 Nf6 3. e5 Nd5 4. d4 cxd4 5. Nf3 d6 6. cxd4 Nc6 7. Bc4 Nb6 8. Bb5 e6 9. O-O Bd7 10. Nc3 a6 11. Be2 h6 12. a3 Be7 13. Bd3 Rc8 14.
Qe2 dxe5 15. dxe5 Na5 16. Rd1 Nb3 17. Rb1 Nxc1 18. Rbxc1 Qc7 19. Nd5 Qxc1 20. Nxb6 Qc7 21. Nxc8 Qxc8 22. h4 Bc6 23. Nd4 Bd5 24. Be4 Bxe4 25.
Qxe4 O-O 26. Nf3 Qc7 27. g3 Rc8 28. Kg2 b5 29. Rd2 a5 30. h5 b4 31. a4 Bf8 32.
Nd4 Qc4 33. Rc2 Qa6 34. Rxc8 Qxc8 35. Nc6 Qc7 36. Qc4 b3 37. Qb5 Ba3 38. bxa3 b2 39.
Qxb2 Qxc6+ 40. Kh2 Qxa4 41. Qb8+ Kh7 42. Qb1+ Kg8 43.
Qb8+ Kh7 44. Qb1+ Kg8 45. Qb8+ 1/2-1/2

[Event "Early-Titled-Tuesday-Blitz-May-14-2024"]
[Site "Chess.com"]
[Date "2024.05.14"]
[Round "3"]
[White "tomesao"]
[Black "Mackster23"]
[Result "0-1"]
[WhiteElo "2462"]
[BlackElo "2670"]
[TimeControl "180+1"]
[EndTime "8:29:26 PDT"]
[Termination "Mackster23 won by resignation"]

1. Nf3 Nf6 2. c4 e6 3. e3 d5 4.
Nc3 c5 5. d4 Nc6 6. cxd5 Nxd5 7.
Bb5 Nxc3 8. bxc3 Bd7 9. O-O Qa5 10. Rb1 Be7 11. a4 a6 12. Bd3 Qc7 13. e4 cxd4 14. cxd4 Nb4 15. Be2 O-O 16. Ba3 a5 17. Ne5 Rfd8 18.
Rc1 Qb6 19. Nc4 Qa7 20. Bb2 Bc6 21. Qb3 Bxe4 22. d5 Rxd5 23. Ne3 Rdd8 24. Rc7 Bf8 25. Ng4 Qb6 26. Nh6+ gxh6 27. Qg3+ Bg6 28. Qe5 f6 29. Qxf6 Qxc7 30. Bg4 Qg7 31. Bxe6+ Kh8 32. Qxd8 Rxd8 33.
Bxg7+ Bxg7 0-1

[Event "Early-Titled-Tuesday-Blitz-May-14-2024"]
[Site "Chess.com"]
[Date "2024.05.14"]
[Round "3"]
[White "SHIVACalypso"]
[Black "Szachulec75"]
[Result "1-0"]
[WhiteElo "2558"]
[BlackElo "2128"]
[TimeControl "180+1"]
[EndTime "8:29:26 PDT"]
[Termination "SHIVACalypso won by resignation"]

1. d4 Nf6 2. c4 g6 3. Nf3 Bg7 4. g3 d6 5. Bg2 O-O 6. O-O Nbd7 7. Nc3 e5 8. e4 exd4 9. Nxd4 Re8 10. Re1 c6 11. b3 a5 12. Bb2 Nc5 13. f3 Qb6 14.
Kh1 a4 15. Rb1 axb3 16. axb3 h6 17. Ba1 Nfd7 18. b4 Na6 19. Nc2 Nc7 20. Qxd6 Rxa1 21. Nxa1 Bxc3 22. c5 Nb5 23. Qxd7 Bxd7 24. cxb6 Bxe1 25.
Rxe1 Kf8 26. Nb3 Ra8 27. Nc5 Bc8 28. f4 Nd6 29. Rc1 Ra2 30. e5 Nf5 31. Bxc6 bxc6 32.
b7 Bxb7 33. Nxb7 Rb2 34. Nd6 Ne3 35. Kg1 Rxb4 36. Rxc6 Rb1+ 37. Kf2 Ng4+ 38. Kg2 Ne3+ 39.
Kf3 Nf5 40. Nxf5 gxf5 41. Rxh6 1-0

[Event "Early-Titled-Tuesday-Blitz-May-14-2024"]
[Site "Chess.com"]
[Date "2024.05.14"]
[Round "3"]
[White "crescentmoon2411"]
[Black "Kostya0705"]
[Result "1-0"]
[WhiteElo "2841"]
[BlackElo "2575"]
[TimeControl "180+1"]
[EndTime "8:29:27 PDT"]
[Termination "crescentmoon2411 won by resignation"]

1. d4 Nf6 2. Nf3 d5 3. Bf4 c5 4.
e3 Qb6 5. Nc3 a6 6. Rb1 Nc6 7.
dxc5 Qxc5 8. Bd3 Bg4 9. h3 Bxf3 10. gxf3 e5 11. Bg5 Be7 12. Rg1 h6 13. Bh4 g5 14.
Bg3 O-O-O 15. Kf1 Rdg8 16. a3 h5 17. b4 Qd6 18. b5 axb5 19. Nxb5 Qc5 20. a4 Nd7 21.
Bf5 Rh6 22. c4 Qxc4+ 23. Kg2 g4 24. Rc1 gxf3+ 25. Qxf3 Qa2 26. Ra1 Qb3 27. Rgb1 Qc4 28.
Rc1 Qb3 29. Rab1 Qa2 30. Na7+ Kc7 31. Bxd7 Kxd7 32. Rxb7+ Ke8 33. Rxc6 Rf6 34. Rxf6 1-0

[Event "Early-Titled-Tuesday-Blitz-May-14-2024"]
[Site "Chess.com"]
[Date "2024.05.14"]
[Round "3"]
[White "Happy1712Drummer"]
[Black "NovoselovRoman"]
[Result "0-1"]
[WhiteElo "2439"]
[BlackElo "2645"]
[TimeControl "180+1"]
[EndTime "8:29:27 PDT"]
[Termination "NovoselovRoman won by resignation"]

1. e4 d5 2. exd5 Qxd5 3. Nc3 Qd6 4. Nf3 Nf6 5. h3 c6 6. Bd3 Nbd7 7. O-O Nc5 8. Be2 Bf5 9. d4 Ncd7 10. Re1 e6 11. Nh4 Bg6 12. Nxg6 hxg6 13. Be3 Qc7 14.
Bf3 Bb4 15. Qd3 Rd8 16. a3 Bd6 17. Rad1 O-O 18. Bg5 Bf4 19. Bxf4 Qxf4 20. Ne2 Qh4 21. c4 Ne5 22. Qe3 Nxc4 23. Qb3 Nb6 24. a4 Rd7 25. a5 Nbd5 26. Ng3 g5 27. Ne4 Nxe4 28. Rxe4 Qh6 29. Rde1 a6 30. Re5 Nf4 31. Qc3 Rfd8 32. R5e4 Qf6 33. Rd1 Qf5 34. Ree1 Qf6 35. Re4 Ng6 36. Be2 e5 37. d5 cxd5 38. Rc4 dxc4 0-1

[Event "Early-Titled-Tuesday-Blitz-May-14-2024"]
[Site "Chess.com"]
[Date "2024.05.14"]
[Round "3"]
[White "margarita_2703"]
[Black "Alexchess1984"]
[Result "0-1"]
[WhiteElo "2355"]
[BlackElo "2690"]
[TimeControl "180+1"]
[EndTime "8:29:27 PDT"]
[Termination "Alexchess1984 won by resignation"]

1. e4 e6 2. d4 d5 3. e5 c5 4.
c3 Nc6 5. Nf3 Nh6 6. Na3 cxd4 7.
cxd4 Bxa3 8. bxa3 Nf5 9. Bd3 Nfxd4 10. Nxd4 Nxd4 11. Qa4+ Nc6 12. O-O O-O 13. Re1 Bd7 14. Qg4 f5 15. exf6 Qxf6 16. Be3 Ne5 17. Qe2 Nxd3 18. Qxd3 a6 19. Bd4 Qg6 20. Qxg6 hxg6 21. Be5 Rac8 22. Rac1 Rc4 23. f4 Rfc8 24. Rxc4 Rxc4 25.
Kf2 Bb5 26. h4 Rc2+ 27. Kf3 Rxa2 28. Re3 Kf7 29. Rc3 Bc6 30. Ke3 Rxg2 31. Kd4 Rh2 32.
Kc5 Rxh4 33. Kd6 Rh1 34. Rg3 Bb5 35. Kc7 Rc1+ 36. Kxb7 Rc4 37. Rh3 d4 38. Rh8 d3 39.
Rd8 Rc2 40. Bd6 g5 41. Bb4 gxf4 42. a4 Bc4 43. Rd7+ Kg6 44. a5 f3 45. Bc5 Bd5+ 46.
Rxd5 Rxc5 47. Rxc5 d2 48. Rc6 d1=Q 49. Rxe6+ Kf5 50.
Rxa6 Qd5+ 51. Kb8 Qb5+ 52. Ka7 f2 53. Rb6 Qxa5+ 54. Kb7 Qxb6+ 55. Kxb6 f1=Q 56. Ka7 Qb5 57. Ka8 Ke6 58. Ka7 Kd7 0-1

[Event "Early-Titled-Tuesday-Blitz-May-14-2024"]
[Site "Chess.com"]
[Date "2024.05.14"]
[Round "3"]
[White "Lennis93"]
[Black "Firouzja2003"]
[Result "1-0"]
[WhiteElo "2808"]
[BlackElo "3180"]
[TimeControl "180+1"]
[EndTime "8:29:29 PDT"]
[Termination "Lennis93 won by resignation"]

1. d4 Nf6 2. Nf3 g6 3. c4 Bg7 4. Nc3 O-O 5. e4 d6 6. Bd3 e5 7. d5 a5 8. h3 Na6 9. Be3 Nh5 10. g3 Qe8 11. Nh4 Bd7 12. Be2 Nf6 13. g4 Nc5 14. Qc2 Qe7 15. Ng2 h6 16. g5 hxg5 17.
Bxg5 Qe8 18. h4 Nh7 19. Be3 f5 20. Bxc5 dxc5 21. h5 Ng5 22. Nh4 fxe4 23. hxg6 a4 24. a3 Rf4 25. Ng2 Qxg6 26. Nxf4 exf4 27. Bh5 Qf6 28. O-O-O Bf5 29. Rdg1 Rf8 30. Bg4 e3 31. Bxf5 Qxf5 32. fxe3 fxe3 33. Qxf5 Rxf5 34. Rh5 Bf6 35. Ne4 e2 36. Kd2 Rf1 37. Rgxg5+ Bxg5+ 38. Rxg5+ Kf7 39. Kxe2 Rb1 40. Nxc5 Rxb2+ 41. Kd3 b6 42. Nxa4 Rb3+ 43. Nc3 Rxa3 44. Rh5 Ke7 45. Rh6 Kd7 46. Kd4 Ra1 47. Nb5 Rd1+ 48. Kc3 Rc1+ 49. Kb3 Rb1+ 50. Kc2 Rb4 51. Rh7+ Kd8 52. Kc3 Rb1 53. Nxc7 b5 54.
Nxb5 1-0

[Event "Early-Titled-Tuesday-Blitz-May-14-2024"]
[Site "Chess.com"]
[Date "2024.05.14"]
[Round "3"]
[White "YouShallNotPass001"]
[Black "Viktoker"]
[Result "0-1"]
[WhiteElo "2520"]
[BlackElo "2332"]
[TimeControl "180+1"]
[EndTime "8:29:29 PDT"]
[Termination "Viktoker won by checkmate"]

1. e4 e5 2. Nf3 Nc6 3. Bb5 f5 4. d3 Nf6 5. O-O fxe4 6. dxe4 Bc5 7.
Qe2 d6 8. Qc4 Qe7 9. b4 Be6 10.
Bxc6+ bxc6 11. Qa6 Bb6 12. a4 Bc8 13. Qc4 Bb7 14.
a5 d5 15. Qe2 dxe4 16. Ng5 Bd4 17. c3 O-O-O 18. cxd4 exd4 19. a6 Ba8 20. Qc4 Rd5 21. Re1 e3 22. fxe3 Rxg5 23. e4 Re5 24. Qxd4 c5 25.
bxc5 Rd8 26. Qf2 Nxe4 27. Qf4 Qxc5+ 28. Be3 Qd5 29. Na3 Nc3 30. Qg4+ Qe6 31. Qg3 Re4 32.
Nc2 Rg4 33. Qh3 Rxg2+ 34. Qxg2 Bxg2 35. Kxg2 Qg6+ 36. Kf3 Qxc2 37. Rac1 Qe4+ 38. Kg3 Qg6+ 39. Kh3 Ne4 40. Bf4 Nf2+ 41. Kh4 Qg4# 0-1

[Event "Early-Titled-Tuesday-Blitz-May-14-2024"]
[Site "Chess.com"]
[Date "2024.05.14"]
[Round "3"]
[White "Quattroporte300"]
[Black "Sasha_Solovev_777"]
[Result "0-1"]
[WhiteElo "2388"]
[BlackElo "2197"]
[TimeControl "180+1"]
[EndTime "8:29:30 PDT"]
[Termination "Sasha_Solovev_777 won by resignation"]

1. e4 c5 2. Nc3 d6 3. d4 cxd4 4.
Qxd4 Nc6 5. Qd2 Nf6 6. b3 g6 7.
Bb2 Bg7 8. O-O-O O-O 9. f3 h5 10. Kb1 Be6 11. Nge2 a6 12. Nf4 b5 13. Rg1 Qd7 14.
Ncd5 Bxd5 15. Nxd5 Nxd5 16. Qxd5 Ne5 17. f4 Ng4 18. Qd2 Qa7 19. Bxg7 Kxg7 20. Qd4+ Qxd4 21. Rxd4 Rac8 22. Be2 Rc3 23. Rd3 Rfc8 24. Rxc3 Rxc3 25. Bxg4 hxg4 26. Re1 Kf6 27. Kb2 Rc5 28. c3 Rh5 29. Rh1 e5 30. fxe5+ Kxe5 31. Kc2 Kxe4 32. Kd2 f5 33. Ke2 f4 34. a4 bxa4 35. bxa4 d5 36.
Rb1 Rxh2 37. Rb6 Rxg2+ 38. Kf1 Rc2 39. Rxa6 Kf3 40. Ke1 g3 41. Rxg6 g2 42. a5 Rc1+ 43.
Kd2 g1=Q 44. Rxg1 Rxg1 0-1

[Event "Early-Titled-Tuesday-Blitz-May-14-2024"]
[Site "Chess.com"]
[Date "2024.05.14"]
[Round "3"]
[White "David_Arutinian"]
[Black "Herzog2012"]
[Result "1-0"]
[WhiteElo "2831"]
[BlackElo "2540"]
[TimeControl "180+1"]
[EndTime "8:29:31 PDT"]
[Termination "David_Arutinian won by checkmate"]

1. Nf3 Nf6 2. c4 e6 3. e3 d5 4. b3 Be7 5. Bb2 O-O 6. Nc3 b6 7. g3 Bb7 8. Bg2 c5 9. O-O Nc6 10. cxd5 Nxd5 11. Nxd5 Qxd5 12. d4 Rfd8 13. Ne5 Qd6 14. Qf3 Nxe5 15. Qxb7 Nd3 16. Ba3 Rac8 17. Qxa7 Qc7 18. Qa6 Nb4 19. Bxb4 cxb4 20. Qb5 Qa7 21. Be4 Rc3 22. Kg2 g6 23. h4 h5 24. Rfd1 Qc7 25.
Bf3 Bf6 26. Qxb4 Be7 27. Qb5 Rc2 28. a4 Rc8 29. d5 exd5 30. Qxd5 Bf6 31. Rab1 Qe7 32.
Rd2 R8c3 33. Rbd1 Kg7 34. Rxc2 Rxc2 35. Rd2 Rxd2 36. Qxd2 Qc5 37. Qd3 Qc3 38. Qd5 Qb2 39.
Qc4 Bc3 40. Bd5 Be1 41. Qf4 f5 42. Bc4 Ba5 43. Qc7+ Kh6 44. Qb8 Qg7 45. Qf4+ Kh7 46.
Qd6 Qa7 47. Bb5 Qb7+ 48. Bc6 Qa6 49. Be8 Bc3 50. Qxg6+ Kh8 51. Qxh5+ Kg7 52. Qf7+ Kh6 53. Qg6# 1-0

[Event "Early-Titled-Tuesday-Blitz-May-14-2024"]
[Site "Chess.com"]
[Date "2024.05.14"]
[Round "3"]
[White "GM4life"]
[Black "NMJeevanK"]
[Result "0-1"]
[WhiteElo "2515"]
[BlackElo "2746"]
[TimeControl "180+1"]
[EndTime "8:29:31 PDT"]
[Termination "NMJeevanK won by checkmate"]

1. d4 d5 2. c4 e6 3. Nf3 Nf6 4. Nc3 Bb4 5. Qb3 Nc6 6. Bg5 O-O 7. e3 dxc4 8. Bxc4 h6 9. Bxf6 Qxf6 10. O-O Bxc3 11.
Qxc3 Bd7 12. Rac1 Rac8 13. b4 a6 14. a4 Rfe8 15. b5 axb5 16. axb5 Nb8 17. Ne5 c5 18.
bxc6 Bxc6 19. Qb2 Red8 20. Be2 Bd5 21. Rxc8 Rxc8 22. Rc1 Rd8 23. Rc7 Nc6 24. Rxf7 Qg5 25. Nf3 Qg6 26. Rxb7 Rf8 27. Kf1 Ra8 28. Qb1 Be4 29. Qb2 Kh7 30. h3 Bd5 31. Qb1 Be4 32. Qb2 Bd5 33. Qb1 Be4 34. Qc1 Na5 35. Rb5 Nc6 36. Rc5 Nb4 37. Kg1 Ra2 38. Bd1 Nd3 39. Qb1 Rxf2 40. Rc7 Qxg2# 0-1

[Event "Early-Titled-Tuesday-Blitz-May-14-2024"]
[Site "Chess.com"]
[Date "2024.05.14"]
[Round "3"]
[White "DenisQ"]
[Black "yobdc"]
[Result "1-0"]
[WhiteElo "2718"]
[BlackElo "2500"]
[TimeControl "180+1"]
[EndTime "8:29:32 PDT"]
[Termination "DenisQ won by checkmate"]

1. Nf3 Nf6 2. c4 g6 3. b4 Bg7 4. Bb2 d6 5. g3 e5 6. Bg2 Nbd7 7. O-O a5 8. a3 O-O 9. d3 Re8 10. Nbd2 c6 11. Qc2 h6 12. Rfc1 Qe7 13. b5 Nc5 14. d4 exd4 15. bxc6 Ng4 16. Nxd4 Nxf2 17. Nf1 Ng4 18. Qd2 h5 19. e3 Bh6 20. Re1 h4 21. Rab1 hxg3 22. hxg3 Ra7 23. Nb5 Ra6 24. Qxd6 bxc6 25. Qxe7 Rxe7 26. Nd6 Bf5 27. Bd4 Bxb1 28. Rxb1 Nd7 29. Rb7 Bf8 30. Nc8 Re8 31.
Rxd7 Rxc8 32. c5 Raa8 33. Bh3 f5 34. Bxg4 fxg4 35. Nh2 Rab8 36. Nxg4 Rb1+ 37. Kg2 Bxc5 38.
Nf6+ Kf8 39. Bxc5# 1-0

[Event "Early-Titled-Tuesday-Blitz-May-14-2024"]
[Site "Chess.com"]
[Date "2024.05.14"]
[Round "3"]
[White "David_George21"]
[Black "Moon_stone123"]
[Result "0-1"]
[WhiteElo "2372"]
[BlackElo "2620"]
[TimeControl "180+1"]
[EndTime "8:29:32 PDT"]
[Termination "Moon_stone123 won by resignation"]

1. e4 c5 2. Nf3 e6 3. d4 cxd4 4. Nxd4 Nc6 5. Nb5 d6 6. c4 a6 7. N5c3 Nf6 8. Be3 Be7 9. Be2 O-O 10. O-O b6 11. Na3 Bb7 12. f3 Rc8 13. Rc1 Ne5 14.
f4 Ned7 15. Bf3 Qc7 16. b4 Qb8 17. Qe2 Rfe8 18. Nc2 Qa8 19. Bf2 b5 20. e5 Bxf3 21.
gxf3 dxe5 22. fxe5 Nh5 23. c5 Bg5 24. Ne4 Bxc1 25.
Rxc1 Nxe5 26. Nd4 Red8 27. Rd1 Nf4 28. Qe3 Nh3+ 29. Kg2 Nxf2 30. Kxf2 Qd5 31. Nd6 Rxd6 32. cxd6 Qxd6 33. Qe2 Ng6 34. Nxb5 Qxh2+ 35. Ke3 Qxe2+ 36. Kxe2 axb5 37. a4 bxa4 38. Ra1 Nf4+ 39. Ke3 Nd5+ 40. Kd4 Nxb4 41. Rxa4 Nd5 42. Ra7 g6 43. Ke5 Kg7 44. f4 Nf6 45. Ra5 Rc5+ 46. Rxc5 Nd7+ 47. Kd6 Nxc5 48. Kxc5 Kf6 49. Kd4 Kf5 50. Ke3 e5 51. fxe5 Kxe5 52. Kf3 h5 53. Kg3 g5 54. Kf3 f5 55. Kg3 h4+ 56. Kf3 g4+ 57. Kf2 f4 58. Kg2 Ke4 59. Kf2 h3 60. Kf1 g3 61. Kg1 f3 62. Kf1 h2 0-1

[Event "Early-Titled-Tuesday-Blitz-May-14-2024"]
[Site "Chess.com"]
[Date "2024.05.14"]
[Round "3"]
[White "sofaceindisguise"]
[Black "GM_dmitrij"]
[Result "0-1"]
[WhiteElo "2761"]
[BlackElo "3031"]
[TimeControl "180+1"]
[EndTime "8:29:33 PDT"]
[Termination "GM_dmitrij won on time"]

1. c4 e5 2. Nc3 Bb4 3. g3 Bxc3 4.
bxc3 d6 5. Bg2 Nc6 6. e4 f5 7. f3 Nf6 8. d3 O-O 9. Ne2 fxe4 10. dxe4 b6 11. O-O Be6 12. c5 bxc5 13. g4 Na5 14. Ng3 Qe8 15. Rf2 Rb8 16. h4 Nc4 17. Bf1 Qf7 18. Qc2 Kh8 19. h5 c6 20. Rh2 Nd7 21. Nf5 Bxf5 22. gxf5 Rg8 23. Kh1 Ndb6 24. a4 a5 25. Ra2 d5 26. Qf2 d4 27. h6 g6 28.
cxd4 cxd4 29. Rc2 gxf5 30. exf5 c5 31. Bd3 Rbc8 32. f4 Qd5+ 33. Rg2 e4 34. Qh4 Rcf8 35. Rxg8+ Qxg8 36. Bxe4 Nd6 37. Rg2 Qf7 38. Rg7 Qf6 39. Qg5 Nxe4 0-1

[Event "Early-Titled-Tuesday-Blitz-May-14-2024"]
[Site "Chess.com"]
[Date "2024.05.14"]
[Round "3"]
[White "Aslanov_Umid"]
[Black "urano56"]
[Result "1-0"]
[WhiteElo "2633"]
[BlackElo "2415"]
[TimeControl "180+1"]
[EndTime "8:29:33 PDT"]
[Termination "Aslanov_Umid won by resignation"]

1. e4 e6 2. d4 d5 3. Nd2 c5 4.
exd5 Qxd5 5. Ngf3 cxd4 6. Bc4 Qd8 7. O-O Nc6 8. Nb3 Nf6 9. Nbxd4 Nxd4 10. Nxd4 Bc5 11.
Nb3 Be7 12. Qe2 O-O 13. Bg5 a6 14. Rad1 Qc7 15. Bd3 h6 16. Bh4 Bd7 17. Nd4 Rfd8 18. c3 Rac8 19. Nf3 Bc6 20. Ne5 Nd5 21. Bg3 Bd6 22.
Rfe1 Re8 23. Qe4 Nf6 24. Qh4 Rcd8 25. Bc2 Bb5 26. Bf4 Nd5 27. Bg3 Nf6 28. a4 Bc6 29.
Bf4 Nd5 30. Bg3 Qe7 31. Qe4 Nf6 32. Nxc6 bxc6 33. Qxc6 Bxg3 34. hxg3 Rb8 35. b4 a5 36. b5 Qa3 37. Qf3 Rec8 38. Rd3 Qb2 39. Re2 Nd5 40. Rxd5 exd5 41. Bh7+ 1-0